Map: Catalyst LE

Players

DnS - Winner!

  • Race: Protoss Protoss
  • Spawn Location: 11:00

TIME (Oliveira)

  • Race: Terran Terran
  • Spawn Location: 5:00

Event: WCS Leipzig 2018

VOD

Have the link to the VOD?

Description

Time

  • Played on: Jan. 26, 2018, 1:29 p.m.
  • Length: 14:19

All games in this series

Show
View Real Time Build Order
Export as new Build Order

DnS Protoss - Winner!

Build Orders: 1 Gate Expand, Blink Stalkers 

Get SALT Encoding   

  12  0:00  Probe  
  13  0:12  Probe  
  14  0:17  Pylon  
  14  0:24  Probe (Chrono Boost)  
  15  0:37  Probe (Chrono Boost), Gateway  
  16  0:44  Probe (Chrono Boost)  
  16  0:46  Assimilator  
  17  0:51  Probe  
  18  1:03  Probe  
  19  1:15  Probe  
  20  1:23  Nexus  
  20  1:33  Cybernetics Core  
  20  1:35  Probe  
  21  1:41  Assimilator  
  21  1:48  Probe  
  21  1:51  Pylon  
  22  2:00  Probe  
  23  2:08  Adept (Chrono Boost)  
  23  2:09  Warp Gate  
  23  2:12  Probe  
  26  2:23  Twilight Council  
  26  2:24  Probe (Chrono Boost)  
  26  2:26  Stalker (Chrono Boost)  
  29  2:35  Probe (Chrono Boost)  
  31  2:42  Probe (Chrono Boost)  
  32  2:44  Probe (Chrono Boost)  
  32  2:49  Probe x2 (Chrono Boost)  
  34  2:59  Blink (Chrono Boost)  
  34  3:00  Probe, Pylon  
  34  3:01  Probe  
  36  3:12  Probe  
  37  3:13  Probe  
  38  3:20  Gateway  
  38  3:22  Gateway  
  38  3:25  Stalker  
  40  3:33  Pylon  
  40  3:34  Probe x2  
  42  3:44  Pylon  
  42  3:45  Shield Battery  
  42  3:46  Probe x2  
  44  4:00  Shield Battery, Pylon  
  40  4:06  Probe  
  37  4:14  Stalker  
  39  4:17  Probe (Chrono Boost)  
  39  4:19  Pylon  
  39  4:23  Stalker  
  39  4:24  Probe (Chrono Boost)  
  43  4:29  Probe (Chrono Boost)  
  43  4:30  Stalker  
  46  4:34  Probe (Chrono Boost)  
  46  4:36  Probe (Chrono Boost)  
  48  4:38  Probe (Chrono Boost)  
  48  4:42  Robotics Facility  
  48  4:43  Probe  
  50  4:50  Probe, Assimilator  
  51  4:55  Probe  
  52  5:02  Probe  
  53  5:07  Stalker x3  
  53  5:08  Probe  
  60  5:14  Probe  
  59  5:31  Stalker  
  59  5:32  Stalker x2  
  59  5:33  Immortal  
  66  5:53  Probe  
  66  5:55  Stalker  
  66  5:56  Stalker x2  
  73  6:04  Nexus, Forge  
  73  6:07  Pylon  
  73  6:08  Probe x2  
  63  6:29  Probe  
  60  6:35  Stalker  
  60  6:36  Stalker x2, Protoss Ground Weapons Level 1 (Chrono Boost)  
  60  6:37  Probe  
  60  6:38  Forge  
  65  6:42  Observer  
  65  6:43  Charge  
  65  6:45  Probe  
  67  6:59  Gateway  
  67  7:00  Gateway, Sentry x2  
  67  7:01  Gateway, Sentry  
  71  7:02  Pylon  
  71  7:03  Probe x2  
  71  7:05  Observer  
  76  7:15  Probe  
  77  7:16  Probe  
  77  7:17  Probe, Protoss Ground Armor Level 1 (Chrono Boost)  
  79  7:24  Assimilator  
  79  7:27  Probe, Pylon  
  79  7:28  Probe  
  81  7:30  Immortal  
  85  7:39  Stalker  
  85  7:40  Pylon  
  85  7:42  Probe, Pylon  
  85  7:43  Probe  
  89  7:45  Assimilator  
  89  7:47  Zealot x2  
  92  7:58  Stalker x2  
  96  8:05  Stalker, Protoss Ground Weapons Level 2 (Chrono Boost)  
  88  8:13  Stalker x2  
  88  8:19  Probe x2  
  92  8:21  Assimilator  
  92  8:26  Gateway x2  
  92  8:27  Zealot  
  92  8:28  Zealot  
  92  8:30  Pylon  
  96  8:40  Zealot x2  
  96  8:41  Zealot x2  
  101  8:51  Zealot x2  
  83  9:06  Zealot x4  
  83  9:09  Protoss Ground Armor Level 2 (Chrono Boost)  
  88  9:11  Probe x2  
  88  9:15  Templar Archives, Observer  
  91  9:21  Dark Shrine  
  91  9:23  Probe  
  93  9:26  Sentry x2, Zealot  
  93  9:27  Zealot x3  
  93  9:29  Zealot  
  93  9:30  Zealot  
  105  9:48  Pylon  
  105  9:49  Observer  
  106  9:57  High Templar x4, Zealot x3  
  106  9:58  Zealot  
  106  9:59  Nexus  
  122  10:01  Pylon, Archon x2  
  122  10:06  Probe  
  122  10:07  Probe x2  
  125  10:09  Protoss Shields Level 1 (Chrono Boost)  
  125  10:18  Stalker x4  
  129  10:29  Zealot x2  
  129  10:30  Zealot x2  
  130  10:44  Nexus  
  130  10:45  Pylon  
  130  10:47  Dark Templar  
  132  10:55  Dark Templar  
  112  11:08  Zealot x6  
  112  11:11  Protoss Ground Armor Level 3 (Chrono Boost)  
  120  11:25  Probe  
  120  11:26  Probe  
  120  11:31  Probe  
  119  11:37  High Templar x3  
  119  11:38  Probe, High Templar, Zealot x4  
  132  11:41  Immortal (Chrono Boost)  
  132  11:42  Archon x2  
  136  11:52  Gateway  
  136  11:53  Gateway  
  132  12:02  High Templar x3  
  132  12:03  High Templar  
  132  12:04  Pylon  
  132  12:05  Probe x3  
  132  12:07  Archon x2  
  143  12:12  Pylon  
  143  12:17  Warp Prism  
  143  12:21  Pylon x2  
  145  12:27  Zealot x4  
  133  12:41  Stalker x4  
  127  12:50  Dark Templar  
  121  12:57  Zealot x3  
  121  12:58  Zealot x2  
  131  13:12  Zealot x4  
  137  13:29  Nexus, Dark Templar  
  137  13:30  Zealot x5  
  145  13:46  Zealot x4  
  129  13:57  Zealot x2, Dark Templar  
  129  13:58  Zealot x2  
  121  14:05  Zealot  
  103  14:12  Zealot  
  103  14:13  Zealot x3  
Show
View Real Time Build Order
Export as new Build Order

TIME Terran 

Build Orders: Cyclone Opening, MMM Bio 

Get SALT Encoding   

  12  0:00  SCV  
  13  0:13  SCV  
  14  0:17  Supply Depot  
  14  0:25  SCV  
  14  0:28  Refinery  
  15  0:39  SCV  
  16  0:45  Barracks  
  16  0:51  SCV  
  17  1:03  SCV  
  18  1:15  SCV  
  19  1:31  Marine  
  19  1:32  Orbital Command  
  20  1:45  Command Center  
  20  1:57  Factory  
  20  2:00  SCV  
  21  2:02  Barracks Reactor  
  21  2:08  Refinery  
  21  2:12  SCV  
  22  2:16  Supply Depot  
  22  2:24  SCV  
  23  2:38  SCV  
  24  2:47  Cyclone x2  
  24  2:50  SCV  
  31  2:56  Barracks Tech Lab  
  31  2:57  Orbital Command  
  31  3:02  SCV  
  32  3:16  Marine, Stimpack  
  32  3:17  SCV  
  34  3:21  Barracks  
  34  3:22  SCV  
  35  3:30  SCV  
  35  3:32  Barracks  
  35  3:34  Marine  
  36  3:37  SCV  
  36  3:39  Factory Tech Lab  
  38  3:43  SCV, Engineering Bay  
  39  3:51  SCV  
  39  3:52  Marine  
  39  3:53  Supply Depot  
  41  3:57  SCV  
  42  4:05  SCV  
  42  4:09  Marine  
  40  4:11  Marine x2  
  40  4:16  SCV, Terran Infantry Weapons Level 1  
  44  4:17  SCV  
  44  4:20  Starport, Factory Reactor  
  45  4:25  Combat Shields, Marauder  
  45  4:27  Marine  
  45  4:29  Refinery  
  45  4:30  SCV  
  49  4:31  SCV  
  49  4:32  Marine  
  49  4:35  Marine  
  52  4:43  Supply Depot  
  54  4:45  SCV x2  
  54  4:58  SCV  
  54  4:59  Supply Depot  
  54  5:00  SCV  
  54  5:04  Marine x2  
  54  5:05  Marauder x2  
  60  5:11  SCV  
  60  5:15  Medivac  
  60  5:18  Medivac  
  62  5:22  Marine  
  62  5:24  SCV x2  
  62  5:25  Marine  
  62  5:26  Marauder  
  63  5:34  Marine  
  64  5:36  SCV x2  
  64  5:40  Factory Reactor  
  66  5:43  Marine  
  66  5:48  SCV x2, Marauder  
  65  5:50  Marine  
  65  5:53  Marauder  
  65  6:00  SCV x2, Medivac  
  69  6:04  Supply Depot  
  69  6:06  Refinery  
  69  6:09  Medivac  
  67  6:12  SCV x2  
  66  6:19  Marine  
  66  6:24  SCV  
  57  6:32  Marine x2  
  57  6:33  Marauder  
  57  6:35  SCV  
  57  6:37  Widow Mine x2, Medivac  
  57  6:39  Medivac  
  68  6:42  Marine  
  68  6:44  Concussive Shells  
  69  6:48  SCV x2  
  69  6:49  Supply Depot  
  69  6:50  Command Center  
  69  6:52  Marine, Marauder  
  74  6:54  Marine  
  74  6:58  Widow Mine  
  74  6:59  Terran Infantry Armor Level 1  
  74  7:00  SCV  
  78  7:04  Supply Depot  
  78  7:08  Liberator x2  
  78  7:11  SCV, Widow Mine, Marine x2  
  78  7:12  SCV, Marine  
  78  7:15  Supply Depot  
  85  7:25  Marauder  
  85  7:28  SCV  
  94  7:36  Widow Mine, Marine x2  
  94  7:37  SCV, Marauder  
  101  7:40  Supply Depot  
  101  7:44  Barracks  
  101  7:45  Barracks  
  101  7:46  Marine  
  102  7:51  Liberator x2  
  102  7:58  SCV  
  102  8:01  Marine x2  
  103  8:07  Marine  
  103  8:08  Marauder  
  103  8:09  Widow Mine  
  103  8:10  Widow Mine  
  112  8:19  SCV x2, Orbital Command, Marine  
  112  8:22  Armory  
  112  8:23  Engineering Bay  
  112  8:24  Supply Depot  
  112  8:26  Marauder  
  114  8:29  Marine, Marauder  
  114  8:31  SCV  
  118  8:34  Barracks Tech Lab, Barracks Reactor  
  118  8:35  SCV  
  118  8:43  SCV  
  118  8:47  SCV  
  115  8:48  Liberator  
  115  8:49  Liberator  
  115  8:50  Marine  
  115  8:52  Marine  
  115  8:53  SCV  
  95  9:04  Marine x2  
  95  9:05  Marauder  
  95  9:07  Widow Mine x2  
  104  9:11  Marine  
  104  9:12  Marine x2, Barracks x2  
  104  9:13  Refinery, Barracks  
  104  9:14  Marine  
  104  9:16  SCV  
  109  9:23  Marauder, Marine  
  112  9:24  SCV  
  112  9:25  Terran Infantry Weapons Level 2  
  112  9:26  Marauder  
  112  9:29  Marine  
  112  9:30  Marine  
  117  9:32  Marine  
  117  9:33  Terran Infantry Armor Level 2  
  118  9:40  Marine  
  118  9:41  Marauder  
  118  9:44  Marauder  
  120  9:47  Marine x2  
  120  9:48  Marine  
  120  9:49  Supply Depot, Marine  
  120  9:51  Supply Depot  
  124  9:53  Medivac  
  124  9:55  Medivac  
  124  9:57  Marine  
  129  10:02  Barracks Tech Lab x2, Marauder, Barracks Reactor  
  129  10:05  Marine  
  132  10:07  Marine  
  132  10:10  Marine  
  132  10:11  Supply Depot, Marauder  
  132  10:13  Supply Depot  
  135  10:23  Marine x2, Marauder  
  138  10:31  Marine  
  138  10:32  Marauder  
  139  10:39  Marine  
  139  10:40  Medivac, Marauder  
  139  10:41  Widow Mine x2, Medivac, Marine x3  
  139  10:42  Marauder x2  
  150  10:43  Marine  
  150  10:45  Marauder  
  150  10:48  Command Center  
  150  10:49  Marine  
  154  10:53  Marauder  
  143  10:57  Marine  
  143  10:59  Marine  
  143  11:01  Marauder  
  143  11:02  Marine  
  143  11:03  Widow Mine x2, Marauder x2  
  137  11:05  Marine x3  
  137  11:10  Medivac x2  
  127  11:12  Marine  
  127  11:15  Marine, Missile Turret, Marauder  
  127  11:17  Marine  
  131  11:20  Marine  
  131  11:23  Marauder, Marine  
  131  11:24  SCV, Widow Mine  
  131  11:25  SCV x2  
  128  11:27  Marine  
  128  11:28  Marauder  
  123  11:33  Marine  
  123  11:34  Marine  
  123  11:36  SCV  
  123  11:37  SCV  
  123  11:38  SCV  
  124  11:42  Marine  
  124  11:45  Marine  
  118  11:49  SCV x2  
  118  11:50  SCV, Marine  
  118  11:54  Missile Turret  
  121  11:55  Marine  
  121  11:57  Marine  
  123  12:08  Marine x2  
  124  12:09  Marauder  
  124  12:10  Marine  
  124  12:11  Marine  
  129  12:16  Marine  
  129  12:19  Marine x2, Marauder  
  134  12:29  Marine  
  136  12:30  Marauder  
  107  12:47  Marine  
  107  12:48  Marauder, Marine x2  
  107  12:49  Marauder x2  
  107  12:51  Widow Mine x2  
  114  12:52  Medivac x2  
  114  12:53  Marine  
  114  12:54  Marauder, Marine  
  114  12:57  Marine  
  121  13:05  Marine  
  122  13:07  Supply Depot, Marine  
  122  13:08  Marine  
  122  13:09  Marauder  
  122  13:10  Marauder  
  122  13:12  Marine  
  129  13:13  Ghost Academy  
  129  13:14  Widow Mine  
  129  13:16  Widow Mine  
  128  13:27  SCV x2  
  128  13:31  Marine x2, Missile Turret  
  131  13:39  Marine x2, Marauder x2  
  132  13:45  Marine  
  132  13:46  Marauder  
  127  13:48  SCV  
  127  13:49  Marine  
  127  13:52  SCV  
  118  13:58  Marine  
  118  14:00  SCV  
  118  14:02  SCV  
Tags
 
Add a new tag
Caveats
  • Supply blocks, unpowered buildings, or Contaminate may cause inaccurate times.
  • Supply counts are checked every 10 seconds.